 Dungeon Crawl Stone Soup version 0.28-a0-1629-gf728b707aa (webtiles) character file.

Game seed: 18310641357700786106

1908 Jannitor the Stinger (level 9, -10/63 (65) HPs)
             Began as a Hill Orc Enchanter on Jan 24, 2022.
             Was an Initiate of Beogh.
             Mangled by a wyvern skeleton (12 damage)
             ... on level 7 of the Dungeon.
             The game lasted 00:26:06 (11068 turns).

Jannitor the Stinger (Hill Orc Enchanter)          Turns: 11068, Time: 00:26:06

HP:   -10/63 (65)   AC:  3    Str: 18    XL:     9   Next: 16%
MP:   14/14         EV: 13    Int: 22    God:    Beogh [......]
Gold: 290           SH:  0    Dex: 18    Spells: 3/14 levels left

rFire   + . .      SeeInvis +   e - staff of poison
rCold   x x .      Faith    .   (no shield)
rNeg    . . .      Spirit   .   h - +0 leather armour of the Pit {rC- Dex+7 SInv}
rPois   +          Reflect  .   (helmet restricted)
rElec   .          Harm     .   (no cloak)
rCorr   +          Rampage  .   (no gloves)
Will    +....                   (no boots)
Stlth   +.........              (no amulet)
HPRegen 0.20/turn               i - ring of willpower
MPRegen 0.14/turn               d - ring of Ocuphaon {Fire rPois rCorr Str+7 Int+3 Stlth-}

@: brilliant, marked, lightly drained
A: beak, frail 1
a: Renounce Religion


You were on level 7 of the Dungeon.
You worshipped Beogh.
Beogh was noncommittal.
You visited 2 branches of the dungeon, and saw 8 of its levels.
You also visited: Sewer.

You collected 290 gold pieces.

Inventory:

Hand Weapons
 a - a +1 dagger
 u - a +3 vorpal hand axe
Missiles
 o - 21 poisoned darts (quivered)
 w - a throwing net
Armour
 b - a +0 robe
 g - a +2 robe of positive energy
 h - the +0 leather armour of the Pit (worn) {rC- Dex+7 SInv}
   (You found it on level 5 of the Dungeon)

   Dex:       It affects your dexterity (+7).
   rC:        It makes you vulnerable to cold.
   SInv:      It lets you see invisible.
 v - a +2 helmet
Magical Staves
 e - a staff of poison (weapon)
Jewellery
 d - the ring of Ocuphaon (right hand) {Fire rPois rCorr Str+7 Int+3 Stlth-}
   (You acquired it on level 4 of the Dungeon)

   [ring of fire]

   It enhances your fire magic.
   Str:       It affects your strength (+7).
   Int:       It affects your intelligence (+3).
   rF:        It protects you from fire.
   rC:        It makes you vulnerable to cold.
   rPois:     It protects you from poison.
   rCorr:     It protects you from acid and corrosion.
   Stlth:     It makes you less stealthy.
 i - a ring of willpower (left hand)
 k - a ring of ice
 x - a ring of resist corrosion
Scrolls
 f - a scroll of enchant armour
 l - a scroll of identify
 n - a scroll of noise {unknown}
 y - a scroll of magic mapping {unknown}
Potions
 c - 3 potions of curing
 m - a potion of attraction
 r - a potion of might
 t - a potion of magic


   Skills:
 + Level 4.8 Fighting
 - Level 1.5 Short Blades
 + Level 3.2 Staves
 + Level 2.8 Dodging
 - Level 2.7 Stealth
 + Level 3.3 Spellcasting
 + Level 1.9 Conjurations
 - Level 3.3 Hexes
 + Level 3.1 Air Magic
 * Level 5.1 Poison Magic
 + Level 3.5 Evocations


You had 3 spell levels left.
You knew the following spells:

 Your Spells              Type           Power      Damage    Failure   Level
a - Ensorcelled Hibernat  Hex/Ice        32%        N/A       11%         2
b - Poisonous Vapours     Pois/Air       98%        N/A       3%          2
c - Tukima's Dance        Hex            27%        N/A       11%         3
d - Iskenderun's Mystic   Conj/Tloc      12%        2d5       67%         4

Your spell library contained the following spells:

 Spells                   Type           Power      Damage    Failure   Level
 Corpse Rot               Necr/Air       32%        N/A       11%         2
 Confusing Touch          Hex            27%        N/A       11%         3
 Dazzling Flash           Conj/Hex       44%        N/A       14%         3
 Gell's Gravitas          Tloc           5%         N/A       38%         3
 Lesser Beckoning         Tloc           5%         N/A       38%         3
 Ozocubu's Armour         Ice            5%         N/A       38%         3
 Teleport Other           Tloc           5%         N/A       38%         3
 Dispersal                Tloc           2%         N/A       100%        6
 Starburst                Conj/Fire      9%         6d5       100%        6
 Ozocubu's Refrigeration  Ice            2%         4d5       100%        7


Dungeon Overview and Level Annotations

Branches:
Dungeon (7/15)             Temple (1/1) D:5           Sewer (visited)

Altars:
Ashenzari
Cheibriados
Elyvilon
Makhleb
Nemelex Xobeh
Trog

Annotations:
D:3 Sigmund
D:4 2 transporters, Grinder; whodunnit's ghost, amateur KoBr
D:5 exclusion: upstairs
D:7 Harold; Joseph; Prince Ribbit


Innate Abilities, Weirdness & Mutations

You have a beak for a mouth.
You are frail. (-10% HP)


Message History

Unknown command.
Unknown command.
Casting: Poisonous Vapours (safe; 3% risk of failure)
Confirm with . or Enter, or press ? or * to list all spells.
Aiming: Poisonous Vapours (safe; 3% risk of failure)
Press: ? - help, Dir - move target, f/p - Harold
Aim: Harold, wielding a +0 long sword, wearing a +0 scale mail and quivering 3 throwing nets (moderately wounded, very poisoned, slow)
You feel a strong surge of power!
Poisonous vapours surround Harold!
Harold looks as sick as possible!
Harold points at you and mumbles some strange words.
A sentinel's mark forms upon you. The orc misses you.
Unknown command.
Casting: Poisonous Vapours (safe; 3% risk of failure)
Confirm with . or Enter, or press ? or * to list all spells.
Aiming: Poisonous Vapours (safe; 3% risk of failure)
Press: ? - help, Dir - move target, f/p - Harold
Aim: Harold, wielding a +0 long sword, wearing a +0 scale mail and quivering 3 throwing nets (moderately wounded, extremely poisoned, slow)
You feel a strong surge of power!
Poisonous vapours surround Harold!
Harold looks as sick as possible!
Your surroundings suddenly seem different.
Unknown command.
Okay, then.
Unknown command.
Joseph and a wyvern skeleton come into view.
Found a fuming golden potion.
Joseph shouts!
Joseph unwields a +0 quarterstaff.
Joseph wields a +0 hunting sling.
Joseph shoots a sling bullet.
The sling bullet completely misses you.
Found a scroll labelled UGIEFI VEACKAT.
The wyvern skeleton bites you!
* * * LOW HITPOINT WARNING * * *
Found an escape hatch in the floor.
Found a scroll of teleportation, a black potion and a copper wand.
The wyvern skeleton bites you.
* * * LOW HITPOINT WARNING * * *
Found 2 scrolls labelled JOJIECL QACORU.
The wyvern skeleton closely misses you.
There is an escape hatch in the floor here.
The wyvern skeleton bites you!
You die...

...............#!. #.........
.................. #.........
...........####.#..#####.........
..........# .##..#.#.z@.###....
.........# ...........###..... #.
.####..#..# #..... ##.
####.###....!.... ##...##.z.F#
.......... #..?..@Z#..#
..........
....##...#.##...#....... .
##..... ...#.....#@ ##....?
...#..? .......# ##/.....
......#. .....#


You could see Prince Ribbit, a wight and a wyvern skeleton.

Vanquished Creatures
  Edmund (D:4)
  Duvessa (D:4)
  Pargi (Sewer)
  An orc warrior (D:6)
  3 black bears
  3 ogres
  A necrophage (D:5)
  A centaur (D:6)
  A kobold brigand (D:6)
  2 scorpions
  Dowan (D:4)
  A wight (D:6)
  2 bullfrog skeletons
  4 hounds
  2 iguanas (D:6)
  A killer bee zombie (D:6)
  A hound zombie (D:5)
  A hound skeleton (D:4)
  13 adders
  A river rat (D:5)
  2 ufetubi (D:6)
  2 adder skeletons
  2 worms (D:5)
  14 orcs
  11 ball pythons
  3 endoplasms
  9 giant cockroaches
  7 goblins
  4 hobgoblins (D:1)
  2 jackals (D:1)
  15 kobolds
  9 quokkas
  6 bats
  A frilled lizard (D:3)
  10 rats
139 creatures vanquished.

Vanquished Creatures (others)
  2 orc priests (D:6)
  3 orcs (D:6)
5 creatures vanquished.

Grand Total: 144 creatures vanquished

Notes
Turn   | Place    | Note
-------+----------+-------------------------------------------
     0 | D:1      | Jannitor the Hill Orc Enchanter began the quest for the
                  | Orb.
     0 | D:1      | Reached XP level 1. HP: 14/14 MP: 3/3
   431 | D:1      | Reached XP level 2. HP: 5/22 MP: 4/4
   728 | D:1      | Found a faded altar of an unknown god.
   940 | D:1      | Reached skill level 1 in Fighting
   943 | D:1      | Learned a level 2 spell: Ensorcelled Hibernation
   946 | D:1      | Learned a level 2 spell: Poisonous Vapours
  1348 | D:1      | Reached XP level 3. HP: 28/28 MP: 5/5
  1957 | D:1      | Reached skill level 1 in Poison Magic
  2230 | D:2      | Reached XP level 4. HP: 24/35 MP: 3/6
  3631 | D:3      | Noticed Sigmund
  3983 | D:3      | Reached XP level 5. HP: 41/41 MP: 2/7
  4063 | D:3      | Reached skill level 2 in Poison Magic
  4390 | D:3      | Reached skill level 1 in Air Magic
  4905 | D:4      | Reached skill level 1 in Staves
  5123 | D:4      | Noticed an ogre
  5124 | D:4      | Noticed Duvessa
  5124 | D:4      | Noticed Dowan
  5433 | D:4      | Found a transporter.
  5433 | D:4      | Noticed whodunnit's ghost (amateur KoBr)
  5489 | D:4      | Reached skill level 1 in Evocations
  5515 | D:4      | Killed Dowan
  5516 | D:4      | Reached XP level 6. HP: 5/50 MP: 1/9
  5858 | D:3      | Learned a level 3 spell: Tukima's Dance
  5951 | D:4      | Noticed Grinder
  5952 | D:4      | Found a white marble altar of Elyvilon.
  5960 | D:4      | Paralysed by Grinder for 2 turns
  6092 | D:5      | Entered Level 5 of the Dungeon
  6093 | D:5      | Identified the +0 leather armour of the Pit {rC- Dex+7
                  | SInv}
  6330 | D:5      | Noticed a black bear
  6335 | D:5      | Found a staircase to the Ecumenical Temple.
  6385 | Temple   | Entered the Ecumenical Temple
  6488 | D:5      | Reached skill level 3 in Poison Magic
  6541 | D:5      | Reached XP level 7. HP: 52/56 MP: 0/10
  6606 | D:5      | Found a glowing drain.
  6610 | Sewer    | Entered a sewer
  6662 | Sewer    | Noticed Pargi
  6941 | Sewer    | Killed Pargi
  7848 | D:6      | Became a worshipper of Beogh the Brigand
  8009 | D:6      | Reached skill level 4 in Poison Magic
  8009 | D:6      | Reached XP level 8. HP: 66/66 MP: 5/12
  8357 | D:6      | Noticed a manticore
  8419 | D:7      | Noticed Harold
  8483 | D:6      | Learned a level 4 spell: Iskenderun's Mystic Blast
  8980 | D:4      | Gained mutation: You are frail. (-10% HP) [potion of
                  | mutation]
  8980 | D:4      | Gained mutation: You have a beak for a mouth. [potion of
                  | mutation]
  8993 | D:4      | Killed Duvessa
  8994 | D:4      | Reached skill level 1 in Conjurations
  8996 | D:4      | Identified a scroll of acquirement
  8996 | D:4      | Acquired the ring of Ocuphaon {Fire rPois rCorr Str+7 Int+3
                  | Stlth-}
  9388 | D:4      | Found a broken altar of Ashenzari.
  9411 | D:4      | Found a transporter.
  9465 | D:4      | Found a snail-covered altar of Cheibriados.
  9465 | D:4      | Noticed Edmund
  9500 | D:4      | Killed Edmund
  9634 | D:3      | Reached XP level 9. HP: 44/64 MP: 5/13
  9935 | D:5      | Reached skill level 5 in Poison Magic
 10675 | D:7      | Noticed Prince Ribbit
 11054 | D:7      | Noticed Joseph
 11063 | D:7      | HP: 1/63 [wyvern skeleton (3)]
 11068 | D:7      | Mangled by a wyvern skeleton

Illustrated notes

Levels and vault maps discovered:
D:1:      dpeg_arrival_fog, layout_basic,
          hellmonk_ecumenical_altar_leap_of_faith, minmay_octomino_c4
D:2:      layout_rooms
D:3:      layout_loops_ring, minmay_snake_closets, uniq_sigmund
D:4:      layout_rooms, elyvilon_altar_1, mainiacjoe_overflow_catwalk,
          slow_altar_2, gammafunk_ghost_mausoleum, amethyst_killhole,
          uniq_duvessa, uniq_grinder, uniq_edmund
D:5:      layout_rooms, temple_statues, gup_sewer_entry_spiral,
          supply_closet_lemuel, hangedman_abyss_or_decor_slice
D:6:      layout_loops_ring, marbit_many_paths, st_stairs_7
D:7:      layout_cave_pools, serial_shops, nicolae_diamond_shop, uniq_harold,
          uniq_joseph, uniq_prince_ribbit1, uniq_crazy_yiuf_cottage
Temple:   dshaligram_water_room_temple

Skill      XL: |  1  2  3  4  5  6  7  8  9 |
---------------+----------------------------+-----
Fighting       | 1 2 3 4 |  4.8
Poison Magic   | 1 2 3 4 5 |  5.1
Air Magic      | 1 2 3 |  3.1
Spellcasting   | 2 3 |  3.3
Staves         | 1 2 3 |  3.2
Evocations     | 1 2 3 |  3.5
Dodging        | 2 |  2.8
Conjurations   | 1 |  1.9
Short Blades   | |  1.5
Stealth        | |  2.7
Hexes          | |  3.3

Action                   |  1- 3 |  4- 6 |  7- 9 || total
-------------------------+-------+-------+-------++-------
Melee: Dagger            |   150 |    44 |    21 ||   215
       Punch             |     1 |     1 |     3 ||     5
       Staff             |       |   221 |   196 ||   417
       Hand axe          |       |       |    10 ||    10
       Peck              |       |       |     5 ||     5
Throw: Dart              |     3 |     9 |     2 ||    14
       Throwing net      |       |     2 |       ||     2
 Cast: Poisonous Vapours |     2 |    62 |    74 ||   138
       Ensorcelled Hiber |       |     3 |       ||     3
Invok: Convert to Beogh  |       |       |     1 ||     1
  Use: Potion            |       |     6 |     4 ||    10
       Scroll            |       |     9 |     7 ||    16
 Stab: Sleeping          |     1 |     5 |     4 ||    10
       Distracted        |       |     1 |       ||     1
       Invisible         |       |       |     2 ||     2
Armor: Robe              |    20 |    76 |    91 ||   187
       Leather armour    |       |       |     8 ||     8
Dodge: Dodged            |    93 |   235 |   211 ||   539

Table legend: (Time is in decaauts)
 A = Elapsed time spent in this place.
 B = Non-inter-level travel time spent in this place.
 C = Inter-level travel time spent in this place.
 D = Time resting spent in this place.
 E = Time spent auto-exploring this place.
 F = Levels seen in this place.
 G = Mean time per level.
                   A        B        C        D        E       F      G
               +--------+--------+--------+--------+--------+-----+--------+
         Total |  11150 |  10680 |    470 |   4693 |   3370 |   9 | 1238.9 |
       Dungeon |  10660 |  10190 |    470 |   4453 |   3255 |   7 | 1522.9 |
        Temple |     62 |     62 |      0 |     46 |      0 |   1 |   62.0 |
         Sewer |    427 |    427 |      0 |    194 |    115 |   1 |  427.0 |
               +--------+--------+--------+--------+--------+-----+--------+

Top non-repeatable levels by time:
     D:3: 2745 daAuts
     D:1: 2162 daAuts
     D:6: 1947 daAuts
     D:5: 1532 daAuts
     D:4: 1363 daAuts
     D:2: 852 daAuts
   Sewer: 427 daAuts
  Temple: 62 daAuts
     D:7: 56 daAuts
